 Dungeon Crawl Stone Soup version 0.31.0-32-g396128a36d (webtiles) character file.

Game seed: 18194674638633767945

678 tizbic2 the Charlatan (level 7, -1/41 HPs)
             Began as a Tengu Artificer on Mar 24, 2024.
             Was a Believer of Lugonu.
             Slain by Duvessa
             ... wielding a +4 rapier of electrocution
              (6 damage)
             ... on level 5 of the Dungeon.
             The game lasted 00:14:23 (3895 turns).

tizbic2 the Charlatan (Tengu Artificer)             Turns: 3895, Time: 00:14:23

Health: -1/41      AC: 15    Str: 14    XL:     7   Next: 60%
Magic:  20/20      EV:  3    Int: 17    God:    Lugonu [**....]
Gold:   143        SH:  0    Dex: 15    Spells: 10/10 levels left

rFire   + . .        l - +1 dagger (venom)
rCold   + . .        (no shield)
rNeg    . . .        t - +1 gold dragon scales
rPois   +            (helmet restricted)
rElec   .            (no cloak)
rCorr   .            b - +0 pair of gloves
SInv    .            (boots unavailable)
Will    .....        (no amulet) Stlth
                     f - ring of magical power
HPRegen 0.26/turn    q - +6 ring of intelligence
MPRegen 0.17/turn

%: acrobat
@: flying
A: beak, talons 3, evasive flight, acrobatic
a: Renounce Religion, Depart the Abyss, Banish


You were on level 5 of the Dungeon.
You worshipped Lugonu.
Lugonu was pleased with you.
You visited 2 branches of the dungeon, and saw 6 of its levels.

You collected 143 gold pieces.

Inventory:

Hand Weapons
 g - a +0 mace
 l - a +1 dagger of venom (weapon)
 r - a +0 morningstar
Missiles
 a - 6 atropa-tipped darts
 h - 3 boomerangs (quivered)
 j - 10 poisoned darts
Armour
 b - a +0 pair of gloves (worn)
 t - +1 gold dragon scales (worn)
Jewellery
 f - a ring of magical power (left hand)
 q - a +6 ring of intelligence (right hand)
Wands
 c - a wand of flame (15)
 d - a wand of charming (15)
 e - a wand of iceblast (5)
Potions
 i - a potion of lignification
 k - a potion of degeneration {unknown}
 m - a potion of brilliance {unknown}
 n - a potion of cancellation {unknown}
 o - 2 potions of attraction
 p - a potion of might
 s - 3 potions of curing


   Skills:
 + Level 3.0 Fighting
 * Level 4.2 Staves
 + Level 2.6 Armour
 - Level 1.1 Dodging
 - Level 1.0 Stealth
 + Level 2.3 Spellcasting
 + Level 1.5 Alchemy
 + Level 2.0 Invocations
 * Level 5.1 Evocations


You had 10 spell levels left.
You didn't know any spells.
Your spell library contained the following spells:

 Spells                   Type           Power      Damage    Failure   Level
 Freeze                   Ice            8%         1d3       100%        1
 Summon Small Mammal      Summ           8%         N/A       100%        1
 Lesser Beckoning         Tloc           4%         N/A       100%        2
 Call Canine Familiar     Summ           2%         N/A       100%        3
 Frozen Ramparts          Ice            4%         1d1       100%        3
 Gell's Gravitas          Tloc           2%         N/A       100%        3
 Hailstorm                Conj/Ice       2%         3d5       100%        3
 Teleport Other           Tloc           2%         N/A       100%        3
 Summon Blazeheart Golem  Fire/Summ      2%         N/A       100%        4


Dungeon Overview and Level Annotations

Branches:
Dungeon (5/15)             Temple (1/1) D:4

Altars:
Ashenzari
Cheibriados
Dithmenos
Elyvilon
Gozag
Hepliaklqana
Kikubaaqudgha
Makhleb
Nemelex Xobeh
Okawaru
Qazlal
Ru
Sif Muna
Trog
Uskayaw
Vehumet
Wu Jian
Zin
The Shining One
Lugonu

Shops:
D:2 (

Annotations:
D:5 Dowan, Duvessa


Innate Abilities, Weirdness & Mutations

You have a beak for a mouth.
You have claws for feet.
Your magical flight helps you evade attacks. (EV +4)
You can magically evade attacks while moving or waiting.


Message History

A quokka comes into view.
Found a stone staircase leading up.
There is an open door here.
The quokka closely misses you.
You barely miss the quokka. Your kick misses the quokka.
The quokka bites you but does no damage.
You hit the quokka but do no damage. You claw the quokka.
You kill the quokka!
Lugonu accepts your kill.
There is a stone staircase leading up here.
There is an open door here.
There is an open door here.
There is a stone staircase leading down here.
You fly downwards.
Dowan shouts!
Found a dagger.
There is a stone staircase leading up here.
Duvessa closely misses you.
You hit Duvessa but do no damage.
Duvessa is poisoned.
You claw Duvessa, but do no damage.
Duvessa hits you with a +4 rapier of electrocution.
You hit Duvessa.
Duvessa looks as sick as possible!
You claw Duvessa, but do no damage. Your peck misses Duvessa.
Duvessa is lightly wounded.
Duvessa hits you with a +4 rapier of electrocution!
You completely miss Duvessa. You claw Duvessa! Your peck misses Duvessa.
You punch Duvessa, but do no damage.
Duvessa is moderately wounded.
Duvessa hits you with a +4 rapier of electrocution.
You hit Duvessa but do no damage.
Duvessa looks as sick as possible!
You claw Duvessa.
Duvessa is moderately wounded.
Duvessa hits you with a +4 rapier of electrocution!
You are electrocuted!
* * * LOW HITPOINT WARNING * * *
Dowan gestures wildly while chanting.
Dowan blinks!
There is a stone staircase leading up here.
Duvessa hits you with a +4 rapier of electrocution.
You die...

#.#
#.#
#e#
#.#
#)#
#ยง#
#.#
#e#
#@#
###


You could see Duvessa (extremely poisoned) and Dowan.

Vanquished Creatures
  Sigmund (D:2)
  An ice beast (D:4)
  A black bear (D:4)
  The ghost of seawaffle the Digger, an amateur GrEE (D:3)
  A bombardier beetle (D:3)
  A jelly (D:4)
  An orc priest (D:3)
  2 gnolls (D:1)
  6 adders
  3 dart slugs
  6 ribbon worms
  6 orcs
  8 bats
  9 endoplasms
  2 giant cockroaches
  3 goblins
  8 hobgoblins
  5 jackals
  6 quokkas
  5 ball pythons
  3 frilled lizards
  6 kobolds
  5 rats
90 creatures vanquished.

Notes
Turn   | Place    | Note
-------+----------+-------------------------------------------
     0 | D:1      | tizbic2 the Tengu Artificer began the quest for the Orb.
     0 | D:1      | Reached XP level 1. HP: 12/12 MP: 2/2
   213 | D:1      | Reached XP level 2. HP: 14/16 MP: 3/3
   316 | D:1      | Reached skill level 1 in Staves
   422 | D:1      | Reached XP level 3. HP: 20/20 MP: 4/4
   659 | D:1      | Found a faded altar of an unknown god.
   686 | D:1      | Prayed at the altar of an unknown god.
   686 | D:1      | Became a worshipper of Lugonu the Unformed
   686 | D:1      | Reached * piety under Lugonu
  1109 | D:2      | Reached skill level 1 in Spellcasting
  1109 | D:2      | Reached XP level 4. HP: 24/25 MP: 6/6
  1119 | D:2      | Noticed Sigmund
  1121 | D:2      | Found Fiyhif's Weapon Shop.
  1130 | D:2      | Killed Sigmund
  1131 | D:2      | Reached skill level 1 in Invocations
  1131 | D:2      | Reached skill level 4 in Evocations
  1131 | D:2      | Reached XP level 5. HP: 12/30 MP: 8/8
  1158 | D:2      | Reached XP level 6. HP: 15/35 MP: 9/9
  1861 | D:3      | Reached ** piety under Lugonu
  2067 | D:3      | Found a large runed translucent door.
  2067 | D:3      | Found a large runed translucent door.
  2069 | D:3      | Noticed seawaffle's ghost (amateur GrEE)
  2087 | D:3      | Killed seawaffle's ghost
  2088 | D:3      | Reached skill level 1 in Alchemy
  2420 | D:3      | Found a radiant altar of Vehumet.
  2431 | D:3      | Found an ornate altar of the Wu Jian Council.
  2855 | D:3      | Noticed a moth of wrath
  2858 | D:3      | Found a bloodstained altar of Trog.
  3037 | D:4      | Found a staircase to the Ecumenical Temple.
  3050 | Temple   | Entered the Ecumenical Temple
  3075 | D:4      | Noticed an ice beast
  3128 | D:4      | Killed an ice beast
  3129 | D:4      | Gained mutation: Your magical flight helps you evade
                  | attacks. (EV +4) [Tengu growth]
  3129 | D:4      | Reached XP level 7. HP: 39/40 MP: 11/11
  3234 | D:4      | Reached skill level 5 in Evocations
  3264 | D:4      | Found a shadowy altar of Dithmenos.
  3888 | D:5      | Entered Level 5 of the Dungeon
  3888 | D:5      | Noticed Duvessa
  3888 | D:5      | Noticed Dowan
  3895 | D:5      | Slain by Duvessa

Illustrated notes

Levels and vault maps discovered:
D:1:      dpeg_arrival_shrine, layout_basic, ebering_ecumenical_altar_webs,
          due_unseen_surprise
D:2:      layout_basic, serial_shops, nicolae_shop_bloodbath_and_beyond,
          minmay_quantized, uniq_sigmund
D:3:      layout_loops_ring, tgw_trog, mainiacjoe_overflow_large_starburst,
          ebering_ghost_disaster_area, chequers_serial_rivers_small_b
D:4:      layout_loops_cross, nicolae_dithmenos_shadow_blocks,
          minmay_temple_entry_purple_smoke, serial_rivers,
          chequers_serial_rivers_micro_d, chequers_serial_rivers_large_a,
          chequers_serial_rivers_small_3, chequers_serial_rivers_micro_b,
          grunt_ministairs_11
D:5:      layout_basic, glass_columns_c, uniq_menkaure, uniq_duvessa,
          uniq_grinder
Temple:   regret_index_temple_waves

Skill      XL: |  1  2  3  4  5  6  7 |
---------------+----------------------+-----
Staves         | 1 2 3 4 |  4.2
Spellcasting   | 1 2 |  2.3
Fighting       | 2 3 |  3.0
Invocations    | 1 2 |  2.0
Evocations     | 4 5 |  5.1
Alchemy        | 1 |  1.5
Armour         | |  2.6
Dodging        | |  1.1
Stealth        | |  1.0

Action                     |  1- 3 |  4- 6 |  7- 9 || total
---------------------------+-------+-------+-------++-------
  Melee: Club              |    28 |       |       ||    28
         Kick              |    23 |    40 |    22 ||    85
         Peck              |    14 |    23 |     8 ||    45
         Mace              |    59 |   109 |       ||   168
         Morningstar       |       |    25 |    24 ||    49
         Dagger            |       |     8 |    30 ||    38
         Punch             |       |     3 |     1 ||     4
  Throw: Boomerang         |     4 |    15 |       ||    19
    Use: Scroll            |     2 |     5 |     1 ||     8
   Stab: Sleeping          |       |     1 |       ||     1
 Armour: Leather armour    |    43 |    64 |       ||   107
         Gold dragon scale |       |    31 |    54 ||    85
         Scale mail        |       |    19 |       ||    19
  Dodge: Dodged            |    78 |   107 |    15 ||   200
